 Dungeon Crawl Stone Soup version 0.26.1-11-gd32895ea62 (webtiles) character file.

Game seed: 12314254191517606766

13351 phalm the Destroyer (level 12, -12/89 HPs)
             Began as a Gnoll Conjurer on May 17, 2021.
             Was a High Priest of Cheibriados.
             Mangled by a skeletal warrior
             ... wielding a +0 trident
             ... led by a skeletal warrior
              (23 damage)
             ... on level 11 of the Dungeon.
             The game lasted 00:35:03 (14929 turns).

phalm the Destroyer (Gnoll Conjurer)               Turns: 14929, Time: 00:35:04

Health: -12/89     AC:  5    Str: 21    XL:     12   Next: 5%
Magic:  15/24      EV: 20    Int: 45    God:    Cheibriados [*****.]
Gold:   916        SH:  0    Dex: 25    Spells: 17/28 levels left

rFire    + . .     SeeInvis +   B - +4 whip (distort) {!w}
rCold    . . .     Faith    .   G - +2 buckler
rNeg     . . .     Spirit   .   o - +2 robe {rF+}
rPois    .         Reflect  .   (no helmet)
rElec    .         Harm     .   A - scarf {repulsion}
rCorr    .         Rampage  .   a - +0 pair of gloves
Will     .....                  (no boots)
Stlth    ++........             g - amulet of regeneration
HPRegen  0.64/turn              v - ring of see invisible
MPRegen  0.19/turn              I - +6 ring of intelligence

@: confused, repel missiles, very slow
A: distributed training, fangs 1, strong nose
a: Renounce Religion, Bend Time, Temporal Distortion, Slouch, Step From Time


You were on level 11 of the Dungeon.
You worshipped Cheibriados.
Cheibriados was extremely pleased with you.
You visited 2 branches of the dungeon, and saw 12 of its levels.
You also visited: Bailey.

You collected 956 gold pieces.
You spent 40 gold pieces at shops.


Innate Abilities, Weirdness & Mutations

Your experience applies equally to all skills.
You have very sharp teeth.
Your uncanny sense of smell can sniff out nearby items.


   Skills:
 + Level 6.9 Fighting
 + Level 6.9 Short Blades
 + Level 6.9 Long Blades
 + Level 6.9 Axes
 + Level 6.9 Maces & Flails
 + Level 6.9 Polearms
 + Level 6.9 Staves
 + Level 6.9 Slings
 + Level 6.9 Bows
 + Level 6.9 Crossbows
 + Level 6.9 Throwing
 + Level 6.9 Armour
 + Level 8.3 Dodging
 + Level 8.1 Stealth
 + Level 6.9 Shields
 + Level 6.9 Unarmed Combat
 + Level 8.6 Spellcasting
 + Level 9.2 Conjurations
 + Level 5.7 Hexes
 + Level 5.7 Summonings
 + Level 5.7 Necromancy
 + Level 5.7 Translocations
 + Level 5.7 Transmutations
 + Level 5.7 Fire Magic
 + Level 5.7 Ice Magic
 + Level 5.7 Air Magic
 + Level 5.7 Earth Magic
 + Level 5.7 Poison Magic
 + Level 7.5 Invocations
 + Level 6.9 Evocations


You had 17 spell levels left.
You knew the following spells:

 Your Spells              Type           Power        Failure   Level
f - Fulminant Prism       Conj/Hex       36%          1%          4
m - Magic Dart            Conj           100%         1%          1
s - Searing Ray           Conj           100%         1%          2
X - Iskenderun's Mystic   Conj/Tloc      72%          1%          4

Your spell library contained the following spells:

 Spells                   Type           Power        Failure   Level
 Dazzling Flash           Conj/Hex       100%         1%          3

Inventory:

Hand Weapons
 B - a +4 whip of distortion (weapon) {!w}
   (You took it off an orc priest on level 4 of the Dungeon)
Missiles
 b - 71 poisoned darts
 y - 46 sling bullets
 C - 4 boomerangs
 K - 77 bolts
 L - 4 curare-tipped darts {=f}
Armour
 a - a +0 pair of gloves (worn)
   (You found it on level 5 of the Dungeon)
 o - a +2 robe of fire resistance (worn)
   (You took it off Blork the orc on level 5 of the Dungeon)
 w - a +0 robe of cold resistance
   (You found it on level 3 of the Dungeon)
 A - a scarf of repulsion (worn)
   (You found it on level 6 of the Dungeon)
 E - the +2 plate armour of the Stag {+Inv +Fly Stlth+}
   (You found it on level 6 of the Dungeon)

   It lets you turn invisible.
   It lets you fly.
   It makes you more stealthy.
 F - a +0 troll leather armour
   (You found it on level 11 of the Dungeon)
 G - a +2 buckler (worn)
   (You found it on level 6 of the Dungeon)
 J - a +0 robe of willpower
   (You took it off an orc wizard on level 7 of the Dungeon)
Magical Staves
 N - an uncursed staff of cold {!a, unknown}
   (You found it in a bailey)
 O - an uncursed staff of fire {!a, unknown}
   (You found it in a bailey)
Jewellery
 g - an amulet of regeneration (around neck)
   (You found it on level 6 of the Dungeon)
 v - a ring of see invisible (left hand)
   (You found it on level 1 of the Dungeon)
 I - a +6 ring of intelligence (right hand)
   (You found it on level 8 of the Dungeon)
Wands
 c - a wand of digging (5)
   (You took it off Ijyb on level 5 of the Dungeon)
 p - a wand of polymorph (31)
   (You found it on level 7 of the Dungeon)
 Q - a wand of acid (8)
   (You found it on level 10 of the Dungeon)
Scrolls
 e - 8 scrolls of teleportation {@r4}
 f - 3 scrolls of blinking {!r}
 j - a scroll of noise {!r}
 l - 5 scrolls of immolation {!r!r}
 m - 9 scrolls of remove curse {@r2}
 n - 4 scrolls of magic mapping {!r}
 t - 2 scrolls of fear
 u - 5 scrolls of enchant armour
 M - 2 scrolls of acquirement {unknown}
 P - a scroll of amnesia {unknown}
Potions
 d - 2 potions of mutation {!q}
 h - 2 potions of might
 i - a potion of resistance
 k - 3 potions of attraction {!q}
 q - 2 potions of invisibility
 s - 4 potions of curing {@q1}
 x - 2 potions of heal wounds {unknown}
 z - 2 potions of magic {unknown}
 D - a potion of lignification {unknown}
 H - a potion of flight {unknown}

Dungeon Overview and Level Annotations

Branches:
Dungeon (11/15)            Temple (1/1) D:7            Lair (0/6) D:10
 Bailey (visited)
    Orc: D:9-12

Altars:
Ashenzari
Cheibriados
Dithmenos
Elyvilon
Fedhas
Gozag
Hepliaklqana
Kikubaaqudgha
Makhleb
Nemelex Xobeh
Okawaru
Qazlal
Ru
Sif Muna
Trog
Uskayaw
Vehumet
Wu Jian
Xom
Yredelemnul
Zin
The Shining One

Shops:
D:5 !   D:6 [

Annotations:
D:11 3 runed translucent doors, Tirrikindir's ghost, journeyman OpFi

.................
.................# ..
......)..........#####..
.....................[..
........................
................................
................................
....#####......z................
...## ##......@..(............
..##P...W#......)...............
..#P!....+..#...)...............
..#♣..)..+..#.................?.
..#≈/D...+.##...........<.......
..##♣.D[.#.##.............(.....
...##♣≈♣##.##.........!.........
....### #.......................
...... .....................


You could see a skeletal warrior.


Message History

The searing ray hits the skeletal warrior. 😎 MP[-1]
You lost 1 mp, and now have 4/23 mp.
The searing ray hits the skeletal warrior.
You destroy the skeletal warrior!
Cheibriados appreciates the change of pace.
The skeletal warrior misses you. 😎 MP[-1]
You lost 1 mp, and now have 3/23 mp.
Casting: Searing Ray (safe; 1% risk of failure)
Confirm with . or Enter, or press ? or * to list all spells.
Okay, then.
Okay, then.
You whack the skeletal warrior!
Space bends around the skeletal warrior.
You bite the skeletal warrior, but do no damage.
The skeletal warrior closely misses you.
You hit the skeletal warrior but do no damage.
Space bends around the skeletal warrior. 😎 MP[+1]
You hit the skeletal warrior. Your bite misses the skeletal warrior.
The skeletal warrior blinks!
You block the skeletal warrior's attack.
Okay, then.
Throw: 5 boomerangs
Press: ? - help, Shift-Dir - straight line, f - skeletal warrior
Aim: a skeletal warrior, wielding a +0 trident (71% to hit)
You throw a boomerang.
The boomerang closely misses the skeletal warrior.
Throw: 4 boomerangs
Press: ? - help, Shift-Dir - straight line, f/p - skeletal warrior
Aim: a skeletal warrior, wielding a +0 trident (71% to hit)
You throw a boomerang.
The boomerang hits the skeletal warrior but does no damage.
You block the skeletal warrior's attack.
Throw: 4 boomerangs
Press: ? - help, Shift-Dir - straight line, f/p - skeletal warrior
Aim: a skeletal warrior, wielding a +0 trident (71% to hit)
You throw a boomerang.
The boomerang hits the skeletal warrior!
The skeletal warrior hits you from afar with a +0 trident! 😕 HP[-15]
You take 15 damage, and now have 68/83 hp.
You hit the skeletal warrior.
You bite the skeletal warrior, but do no damage.
The skeletal warrior hits you but does no damage.
You block the skeletal warrior's attack. 😕 HP[+1]
You whack the ogre!
Space warps horribly around the ogre!
You bite the ogre.
The skeletal warrior is no longer covered in acid.
You block the ogre's attack.
You completely miss the ogre. You bite the ogre.
You kill the ogre!
Cheibriados appreciates the change of pace.
The skeletal warrior closely misses you.
You block the skeletal warrior's attack. 😕 MP[+1]
You barely miss the skeletal warrior.
The skeletal warrior hits you from afar with a +0 trident!!
The skeletal warrior hits you with a +0 dire flail!
* * * LOW HITPOINT WARNING * * *
😨 HP[-32]
You take 32 damage, and now have 37/83 hp.
MASSIVE DAMAGE!! (PAUSE)
You can feel time thicken for a moment.
Cheibriados lowers the support of your attributes as your movement quickens.
The skeletal warrior completely misses you.
The skeletal warrior hits you with a +0 dire flail!
* * * LOW HITPOINT WARNING * * *
😨 HP[-7] MP[-5]
You take 7 damage, and now have 30/83 hp.
You lost 5 mp, and now have 0/23 mp.
You hit the skeletal warrior but do no damage.
Space warps horribly around the skeletal warrior!
You destroy the skeletal warrior!
Cheibriados thoroughly appreciates the change of pace.
You have reached level 12!
Your experience leads to an increase in your attributes!
Your base attributes are Str 9, Int 25, Dex 13.
Increase (S)trength, (I)ntelligence, or (D)exterity?
You feel clever. x2 😨 HP[+2]
You now have 89 max hp (+6).
You regained 2 hp, and now have 32/89 hp.
The skeletal warrior hits you with a +0 trident!
* * * LOW HITPOINT WARNING * * *
You block the skeletal warrior's attack. 😱 HP[-12]
You take 12 damage, and now have 20/89 hp.
You are confused.
You feel invigorated.
The skeletal warrior hits you with a +0 trident.
* * * LOW HITPOINT WARNING * * *
😱 HP[+2] MP[+6]
You regained 2 hp, and now have 22/89 hp.
You regained 6 mp, and now have 6/24 mp.
The skeletal warrior hits you with a +0 trident!!
* * * LOW HITPOINT WARNING * * *
The skeletal warrior hits you with a +0 trident!!
You die...

Skill      XL: |  1  2  3  4  5  6  7  8  9 10 11 |
---------------+----------------------------------+-----
Spellcasting   | 5 6 7 8 |  8.6
Invocations    | 1 2 3 4 5 6 7 |  7.5
Fighting       | 1 2 3 4 5 6 |  6.9
Short Blades   | 1 2 3 4 5 6 |  6.9
Long Blades    | 1 2 3 4 5 6 |  6.9
Axes           | 1 2 3 4 5 6 |  6.9
Maces & Flails | 1 2 3 4 5 6 |  6.9
Polearms       | 1 2 3 4 5 6 |  6.9
Staves         | 1 2 3 4 5 6 |  6.9
Slings         | 1 2 3 4 5 6 |  6.9
Bows           | 1 2 3 4 5 6 |  6.9
Crossbows      | 1 2 3 4 5 6 |  6.9
Throwing       | 1 2 3 4 5 6 |  6.9
Armour         | 1 2 3 4 5 6 |  6.9
Shields        | 1 2 3 4 5 6 |  6.9
Unarmed Combat | 1 2 3 4 5 6 |  6.9
Evocations     | 1 2 3 4 5 6 |  6.9
Hexes          | 1 2 3 4 5 |  5.7
Summonings     | 1 2 3 4 5 |  5.7
Necromancy     | 1 2 3 4 5 |  5.7
Translocations | 1 2 3 4 5 |  5.7
Transmutations | 1 2 3 4 5 |  5.7
Fire Magic     | 1 2 3 4 5 |  5.7
Ice Magic      | 1 2 3 4 5 |  5.7
Air Magic      | 1 2 3 4 5 |  5.7
Earth Magic    | 1 2 3 4 5 |  5.7
Poison Magic   | 1 2 3 4 5 |  5.7
Dodging        | 5 6 7 8 |  8.3
Stealth        | 5 6 7 8 |  8.1
Conjurations   | 8 9 |  9.2

Action                   |  1- 3 |  4- 6 |  7- 9 | 10-12 || total
-------------------------+-------+-------+-------+-------++-------
Melee: Unarmed           |     9 |       |       |       ||     9
       Dagger            |     5 |       |    12 |       ||    17
       Bite              |       |       |     6 |    41 ||    47
       Whip              |       |       |    71 |   206 ||   277
Throw: Stone             |     2 |       |       |       ||     2
       Dart              |       |     7 |       |    22 ||    29
       Boomerang         |       |       |       |    14 ||    14
 Cast: Magic Dart        |    62 |    43 |   236 |   308 ||   649
       Searing Ray       |     3 |    11 |    22 |    24 ||    60
       Iskenderun's Myst |       |       |       |    11 ||    11
Invok: Slouch            |       |       |       |     1 ||     1
Evoke: Wand              |       |       |       |     2 ||     2
  Use: Scroll            |       |       |    15 |     6 ||    21
       Potion            |       |       |       |     1 ||     1
 Stab: Sleeping          |       |       |     1 |       ||     1
Armor: Robe              |       |       |     9 |    11 ||    20
Dodge: Dodged            |    13 |     7 |    57 |   136 ||   213
Block: Buckler           |       |       |    25 |    77 ||   102

Levels and vault maps discovered:
D:1:      kb_arrival_jail, layout_basic
D:2:      minmay_skewed_foursquare, layout_basic, hangedman_decor_riveting
D:3:      layout_basic, lemuel_doored_altar, nicolae_tso_swordbearing_angel,
          uniq_natasha
D:4:      layout_cave_pools, chequers_serial_rivers_large_b,
          fedhas_bush_and_centaur_altar, uniq_sigmund, uniq_edmund
D:5:      layout_layer_cave, lemuel_crystal_altar, serial_shops, shop_fountains,
          kb_lookout_dungeons_type, grunt_dithmenos_smoke, uniq_menkaure,
          uniq_blork_the_orc, uniq_ijyb
D:6:      layout_cave_pools, serial_shops, shop, uniq_eustachio
D:7:      layout_layer_cave, minmay_temple_entry_statues_fountains, basic_altar,
          lemuel_altar_in_water
D:8:      layout_loops_cross, nzn_wu_jian_contemplation
D:9:      layout_rooms, gammafunk_temple_overflow_claw, basic_altar,
          enter_bailey_3
D:10:     layout_basic, minmay_lair_entry_grove, nzn_random_ring
D:11:     layout_big_octagon, gammafunk_ghost_hydra_chop,
          nemelex_xobeh_ov_fountains_minmay, uniq_josephine, uniq_sonja,
          uniq_urug, uniq_nergalle
Temple:   eino_temple_rhombus

Notes
Turn   | Place    | Note
-------+----------+-------------------------------------------
     0 | D:1      | phalm the Gnoll Conjurer began the quest for the Orb.
     0 | D:1      | Reached XP level 1. HP: 13/13 MP: 6/6
     0 | D:1      | magus.rc [v1.9.10]
     2 | D:1      | Noticed a spriggan
     2 | D:1      | Noticed a ghoul
     4 | D:1      | Noticed a troll
     4 | D:1      | Noticed a demonspawn
     6 | D:1      | Noticed a centaur
     8 | D:1      | Noticed a naga
     8 | D:1      | Noticed a human
    10 | D:1      | Noticed a felid
    10 | D:1      | Noticed a formicid
    12 | D:1      | Noticed a vampire
    12 | D:1      | Noticed a minotaur
    14 | D:1      | Noticed a gargoyle
    14 | D:1      | Noticed a demigod
    16 | D:1      | Noticed an ogre
    16 | D:1      | Noticed an elf
    18 | D:1      | Noticed a dwarf
    18 | D:1      | Noticed a merfolk
    20 | D:1      | Noticed a draconian
    23 | D:1      | Noticed a vine stalker
    25 | D:1      | Noticed a halfling
    25 | D:1      | Noticed an octopode
    27 | D:1      | Noticed a tengu
   136 | D:1      | Reached XP level 2. HP: 19/19 MP: 0/7
   518 | D:1      | Learned a level 2 spell: Searing Ray
   923 | D:2      | Reached skill level 5 in Spellcasting
   923 | D:2      | Reached XP level 3. HP: 25/25 MP: 1/9
  1313 | D:2      | Reached skill level 1 in Invocations
  1547 | D:2      | Reached skill level 1 in Fighting
  1547 | D:2      | Reached skill level 1 in Short Blades
  1547 | D:2      | Reached skill level 1 in Long Blades
  1547 | D:2      | Reached skill level 1 in Axes
  1547 | D:2      | Reached skill level 1 in Maces & Flails
  1547 | D:2      | Reached skill level 1 in Polearms
  1547 | D:2      | Reached skill level 1 in Staves
  1547 | D:2      | Reached skill level 1 in Slings
  1547 | D:2      | Reached skill level 1 in Bows
  1547 | D:2      | Reached skill level 1 in Crossbows
  1547 | D:2      | Reached skill level 1 in Throwing
  1547 | D:2      | Reached skill level 1 in Armour
  1547 | D:2      | Reached skill level 1 in Shields
  1547 | D:2      | Reached skill level 1 in Unarmed Combat
  1547 | D:2      | Reached skill level 1 in Evocations
  2049 | D:3      | Reached XP level 4. HP: 32/32 MP: 9/11
  2054 | D:3      | Learned a level 4 spell: Iskenderun's Mystic Blast
  2213 | D:3      | Found an ancient bone altar of Kikubaaqudgha.
  2586 | D:3      | Noticed Natasha
  2590 | D:3      | Killed Natasha
  2591 | D:3      | Reached skill level 1 in Hexes
  2591 | D:3      | Reached skill level 1 in Summonings
  2591 | D:3      | Reached skill level 1 in Necromancy
  2591 | D:3      | Reached skill level 1 in Translocations
  2591 | D:3      | Reached skill level 1 in Transmutations
  2591 | D:3      | Reached skill level 1 in Fire Magic
  2591 | D:3      | Reached skill level 1 in Ice Magic
  2591 | D:3      | Reached skill level 1 in Air Magic
  2591 | D:3      | Reached skill level 1 in Earth Magic
  2591 | D:3      | Reached skill level 1 in Poison Magic
  2835 | D:3      | Found a glowing golden altar of the Shining One.
  3031 | D:3      | Noticed Natasha
  3035 | D:3      | Killed Natasha
  3036 | D:3      | Reached XP level 5. HP: 37/37 MP: 9/12
  3089 | D:3      | You fall into a shaft and drop 1 floor!
  3101 | D:4      | Noticed an ogre
  3104 | D:4      | Killed an ogre
  3185 | D:3      | Noticed Natasha
  3586 | D:3      | Killed Natasha
  3587 | D:3      | Reached skill level 2 in Invocations
  3587 | D:3      | Reached XP level 6. HP: 38/44 MP: 8/13
  3768 | D:4      | HP: 11/44 [poisoned by a worker ant]
  4013 | D:4      | Noticed Edmund
  4022 | D:4      | Reached skill level 5 in Dodging
  4053 | D:4      | Reached skill level 2 in Fighting
  4053 | D:4      | Reached skill level 2 in Short Blades
  4053 | D:4      | Reached skill level 2 in Long Blades
  4053 | D:4      | Reached skill level 2 in Axes
  4053 | D:4      | Reached skill level 2 in Maces & Flails
  4053 | D:4      | Reached skill level 2 in Polearms
  4053 | D:4      | Reached skill level 2 in Staves
  4053 | D:4      | Reached skill level 2 in Slings
  4053 | D:4      | Reached skill level 2 in Bows
  4053 | D:4      | Reached skill level 2 in Crossbows
  4053 | D:4      | Reached skill level 2 in Throwing
  4053 | D:4      | Reached skill level 2 in Armour
  4053 | D:4      | Reached skill level 2 in Shields
  4053 | D:4      | Reached skill level 2 in Unarmed Combat
  4053 | D:4      | Reached skill level 2 in Evocations
  4098 | D:4      | Killed Edmund
  4247 | D:4      | Reached XP level 7. HP: 50/50 MP: 7/15
  4311 | D:4      | Reached skill level 2 in Hexes
  4311 | D:4      | Reached skill level 2 in Summonings
  4311 | D:4      | Reached skill level 2 in Necromancy
  4311 | D:4      | Reached skill level 2 in Translocations
  4311 | D:4      | Reached skill level 2 in Transmutations
  4311 | D:4      | Reached skill level 2 in Fire Magic
  4311 | D:4      | Reached skill level 2 in Ice Magic
  4311 | D:4      | Reached skill level 2 in Air Magic
  4311 | D:4      | Reached skill level 2 in Earth Magic
  4311 | D:4      | Reached skill level 2 in Poison Magic
  4372 | D:4      | Found a blossoming altar of Fedhas.
  4688 | D:4      | Reached skill level 5 in Stealth
  4836 | D:4      | Noticed Sigmund
  4848 | D:4      | Killed Sigmund
  4849 | D:4      | Reached skill level 3 in Invocations
  5032 | D:5      | Entered Level 5 of the Dungeon
  5032 | D:5      | Noticed Ijyb
  5039 | D:5      | Reached XP level 8. HP: 52/57 MP: 11/16
  5043 | D:5      | Killed Ijyb
  5121 | D:5      | Reached skill level 3 in Fighting
  5121 | D:5      | Reached skill level 3 in Short Blades
  5121 | D:5      | Reached skill level 3 in Long Blades
  5121 | D:5      | Reached skill level 3 in Axes
  5121 | D:5      | Reached skill level 3 in Maces & Flails
  5121 | D:5      | Reached skill level 3 in Polearms
  5121 | D:5      | Reached skill level 3 in Staves
  5121 | D:5      | Reached skill level 3 in Slings
  5121 | D:5      | Reached skill level 3 in Bows
  5121 | D:5      | Reached skill level 3 in Crossbows
  5121 | D:5      | Reached skill level 3 in Throwing
  5121 | D:5      | Reached skill level 3 in Armour
  5121 | D:5      | Reached skill level 3 in Shields
  5121 | D:5      | Reached skill level 3 in Unarmed Combat
  5121 | D:5      | Reached skill level 3 in Evocations
  5169 | D:5      | Noticed Menkaure
  5175 | D:5      | Killed Menkaure
  5176 | D:5      | Reached skill level 6 in Spellcasting
  5358 | D:5      | Found Omit's Distillery.
  5367 | D:5      | Bought a potion of degeneration for 10 gold pieces
  5367 | D:5      | Bought a potion of curing for 30 gold pieces
  5641 | D:5      | Noticed Blork the orc
  5765 | D:5      | Found an iron altar of Okawaru.
  5836 | D:5      | Found a shadowy altar of Dithmenos.
  6475 | D:5      | Killed Blork the orc
  6896 | D:6      | Reached skill level 4 in Invocations
  6904 | D:6      | Reached skill level 3 in Hexes
  6904 | D:6      | Reached skill level 3 in Summonings
  6904 | D:6      | Reached skill level 3 in Necromancy
  6904 | D:6      | Reached skill level 3 in Translocations
  6904 | D:6      | Reached skill level 3 in Transmutations
  6904 | D:6      | Reached skill level 3 in Fire Magic
  6904 | D:6      | Reached skill level 3 in Ice Magic
  6904 | D:6      | Reached skill level 3 in Air Magic
  6904 | D:6      | Reached skill level 3 in Earth Magic
  6904 | D:6      | Reached skill level 3 in Poison Magic
  7045 | D:6      | Noticed Eustachio
  7061 | D:6      | Killed Eustachio
  7062 | D:6      | Reached skill level 6 in Dodging
  7062 | D:6      | Reached XP level 9. HP: 65/65 MP: 4/18
  7285 | D:6      | Reached skill level 4 in Fighting
  7285 | D:6      | Reached skill level 4 in Short Blades
  7285 | D:6      | Reached skill level 4 in Long Blades
  7285 | D:6      | Reached skill level 4 in Axes
  7285 | D:6      | Reached skill level 4 in Maces & Flails
  7285 | D:6      | Reached skill level 4 in Polearms
  7285 | D:6      | Reached skill level 4 in Staves
  7285 | D:6      | Reached skill level 4 in Slings
  7285 | D:6      | Reached skill level 4 in Bows
  7285 | D:6      | Reached skill level 4 in Crossbows
  7285 | D:6      | Reached skill level 4 in Throwing
  7285 | D:6      | Reached skill level 4 in Armour
  7285 | D:6      | Reached skill level 4 in Shields
  7285 | D:6      | Reached skill level 4 in Unarmed Combat
  7285 | D:6      | Reached skill level 4 in Evocations
  7506 | D:6      | Got a spiked plate armour
  7566 | D:6      | Found Deed's Armour Shop.
  7605 | D:6      | Identified the +2 plate armour of the Stag {+Inv +Fly
                  | Stlth+} (You found it on level 6 of the Dungeon)
  7850 | D:6      | Reached skill level 6 in Stealth
  7850 | D:6      | Reached skill level 8 in Conjurations
  7960 | D:7      | Found a staircase to the Ecumenical Temple.
  8025 | Temple   | Entered the Ecumenical Temple
  8158 | Temple   | Became a worshipper of Cheibriados the Contemplative
  8748 | D:7      | Found a bloodstained altar of Trog.
  8847 | D:7      | Found a radiant altar of Vehumet.
  9744 | D:8      | Reached skill level 5 in Invocations
 10045 | D:8      | Reached skill level 7 in Spellcasting
 10129 | D:8      | Reached XP level 10. HP: 73/73 MP: 5/20
 10129 | D:8      | Reached * piety under Cheibriados
 10238 | D:8      | Found an ornate altar of the Wu Jian Council.
 10291 | D:8      | Reached skill level 4 in Hexes
 10291 | D:8      | Reached skill level 4 in Summonings
 10291 | D:8      | Reached skill level 4 in Necromancy
 10291 | D:8      | Reached skill level 4 in Translocations
 10291 | D:8      | Reached skill level 4 in Transmutations
 10291 | D:8      | Reached skill level 4 in Fire Magic
 10291 | D:8      | Reached skill level 4 in Ice Magic
 10291 | D:8      | Reached skill level 4 in Air Magic
 10291 | D:8      | Reached skill level 4 in Earth Magic
 10291 | D:8      | Reached skill level 4 in Poison Magic
 10782 | D:9      | Reached skill level 5 in Fighting
 10782 | D:9      | Reached skill level 5 in Short Blades
 10782 | D:9      | Reached skill level 5 in Long Blades
 10782 | D:9      | Reached skill level 5 in Axes
 10782 | D:9      | Reached skill level 5 in Maces & Flails
 10782 | D:9      | Reached skill level 5 in Polearms
 10782 | D:9      | Reached skill level 5 in Staves
 10782 | D:9      | Reached skill level 5 in Slings
 10782 | D:9      | Reached skill level 5 in Bows
 10782 | D:9      | Reached skill level 5 in Crossbows
 10782 | D:9      | Reached skill level 5 in Throwing
 10782 | D:9      | Reached skill level 5 in Armour
 10782 | D:9      | Reached skill level 5 in Shields
 10782 | D:9      | Reached skill level 5 in Unarmed Combat
 10782 | D:9      | Reached skill level 5 in Evocations
 10790 | D:9      | Reached ** piety under Cheibriados
 10850 | D:9      | Found a flagged portal.
 10880 | Bailey   | Entered a bailey
 11025 | Bailey   | Reached skill level 7 in Dodging
 11088 | Bailey   | Reached *** piety under Cheibriados
 11356 | Bailey   | Noticed an orc warlord
 11384 | Bailey   | Killed an orc warlord
 11385 | Bailey   | Reached skill level 7 in Stealth
 11385 | Bailey   | Reached skill level 6 in Invocations
 11817 | Bailey   | Reached **** piety under Cheibriados
 12303 | D:9      | Reached XP level 11. HP: 81/81 MP: 17/22
 12463 | D:9      | Noticed a two-headed ogre
 12473 | D:9      | Banished a two-headed ogre
 12474 | D:9      | Reached skill level 6 in Fighting
 12474 | D:9      | Reached skill level 6 in Short Blades
 12474 | D:9      | Reached skill level 6 in Long Blades
 12474 | D:9      | Reached skill level 6 in Axes
 12474 | D:9      | Reached skill level 6 in Maces & Flails
 12474 | D:9      | Reached skill level 6 in Polearms
 12474 | D:9      | Reached skill level 6 in Staves
 12474 | D:9      | Reached skill level 6 in Slings
 12474 | D:9      | Reached skill level 6 in Bows
 12474 | D:9      | Reached skill level 6 in Crossbows
 12474 | D:9      | Reached skill level 6 in Throwing
 12474 | D:9      | Reached skill level 6 in Armour
 12474 | D:9      | Reached skill level 6 in Shields
 12474 | D:9      | Reached skill level 6 in Unarmed Combat
 12474 | D:9      | Reached skill level 5 in Hexes
 12474 | D:9      | Reached skill level 5 in Summonings
 12474 | D:9      | Reached skill level 5 in Necromancy
 12474 | D:9      | Reached skill level 5 in Translocations
 12474 | D:9      | Reached skill level 5 in Transmutations
 12474 | D:9      | Reached skill level 5 in Fire Magic
 12474 | D:9      | Reached skill level 5 in Ice Magic
 12474 | D:9      | Reached skill level 5 in Air Magic
 12474 | D:9      | Reached skill level 5 in Earth Magic
 12474 | D:9      | Reached skill level 5 in Poison Magic
 12474 | D:9      | Reached skill level 6 in Evocations
 12484 | D:9      | Reached ***** piety under Cheibriados
 12951 | D:9      | Found a radiant altar of Vehumet.
 13023 | D:9      | Found a sparkling altar of Nemelex Xobeh.
 13023 | D:9      | Found a shadowy altar of Dithmenos.
 13023 | D:9      | Found a sacrificial altar of Ru.
 13240 | D:9      | Reached skill level 8 in Spellcasting
 13300 | D:9      | Learned a level 4 spell: Fulminant Prism
 13364 | D:10     | Entered Level 10 of the Dungeon
 13766 | D:10     | Noticed a centaur warrior
 13772 | D:10     | Killed a centaur warrior
 14117 | D:10     | Reached skill level 9 in Conjurations
 14117 | D:10     | Reached skill level 7 in Invocations
 14143 | D:10     | Reached skill level 8 in Dodging
 14242 | D:10     | Found a staircase to the Lair.
 14653 | D:11     | Noticed Sonja
 14661 | D:11     | Killed Sonja
 14661 | D:11     | Noticed a skeletal warrior
 14720 | D:11     | Noticed Nergalle
 14729 | D:11     | Killed Nergalle
 14730 | D:11     | Reached skill level 8 in Stealth
 14888 | D:11     | Found a runed translucent gate.
 14888 | D:11     | Found a runed translucent gate.
 14888 | D:11     | Found a runed translucent gate.
 14889 | D:11     | Noticed a 12-headed hydra
 14890 | D:11     | Noticed Tirrikindir's ghost (journeyman OpFi)
 14890 | D:11     | Noticed a nine-headed hydra
 14894 | D:11     | Noticed a skeletal warrior
 14911 | D:11     | Noticed a skeletal warrior
 14914 | D:11     | Killed a skeletal warrior
 14926 | D:11     | Killed a skeletal warrior
 14927 | D:11     | Reached XP level 12. HP: 32/89 MP: 0/24
 14927 | D:11     | HP: 20/89 [skeletal warrior/+0 trident[a skeletal warrior]
                  | (13)]
 14929 | D:11     | Mangled by a skeletal warrior

Vanquished Creatures
  An orc warlord (Bailey)
  A centaur warrior (D:10)
  Sonja (D:11)
  Nergalle (D:11)
  2 skeletal warriors (D:11)
  A troll (D:11)
  Eustachio (D:6)
  A wraith (D:10)
  3 yaks (D:10)
  Sigmund (D:4)
  5 wyverns
  A basilisk (D:10)
  Edmund (D:4)
  Menkaure (D:5)
  A soldier ant (D:10)
  A water moccasin (D:10)
  13 orc warriors
  An ice beast (D:5)
  2 sky beasts
  A phantom (D:9)
  6 ogres
  4 centaurs
  Blork the orc (D:5)
  3 big kobolds
  7 bullfrogs
  A wyvern zombie (D:8)
  3 scorpions
  A water moccasin skeleton (D:7)
  6 killer bees (D:8)
  A howler monkey (D:8)
  8 wights
  2 bullfrog zombies
  6 hounds
  3 jellies
  A centaur skeleton (D:7)
  2 bullfrog skeletons
  3 orc priests
  A gnoll shaman (D:6)
  5 iguanas
  Ijyb (D:5)
  Natasha (thrice) (D:3)
  8 orc wizards
  5 worker ants
  2 hound zombies (D:9)
  4 hound skeletons
  A howler monkey zombie (D:9)
  19 gnolls
  15 adders
  2 shadow imps
  4 white imps
  3 ufetubi
  2 oozes (D:4)
  2 adder zombies
  2 worms (D:2)
  2 dart slugs
  6 leopard geckos
  36 orcs
  6 bats
  4 giant cockroaches
  25 goblins
  19 hobgoblins
  5 jackals
  19 kobolds
  2 quokkas
  A ball python (D:1)
  3 frilled lizards
  A leopard gecko skeleton (D:4)
  8 rats
314 creatures vanquished.

Vanquished Creatures (others)
  A fungus (D:10)
  7 plants (D:10)
8 creatures vanquished.

Grand Total: 322 creatures vanquished

Table legend:
 A = Non-vault XP
 B = Vault XP
 C = Vault XP percentage of total XP
 D = Non-vault monster count
 E = Vault monster count
 F = Vault count percentage of total count
                 A         B        C        D         E       F
            +---------+---------+-------+---------+---------+-------
      Total |    9122 |    9952 |  52.2 |     214 |     110 |  34.0
            +---------+---------+-------+---------+---------+-------
        D:1 |      31 |       0 |   0.0 |      18 |       0 |   0.0
        D:2 |      42 |       4 |   8.7 |      15 |       2 |  11.8
        D:3 |      98 |      35 |  26.3 |      16 |       1 |   5.9
        D:4 |     513 |     475 |  48.1 |      18 |       3 |  14.3
        D:5 |     478 |     401 |  45.6 |      16 |       4 |  20.0
        D:6 |     838 |     217 |  20.6 |      19 |       1 |   5.0
        D:7 |     816 |       0 |   0.0 |      21 |       0 |   0.0
        D:8 |    1179 |       0 |   0.0 |      25 |       0 |   0.0
        D:9 |    2590 |       8 |   0.3 |      52 |       4 |   7.1
       D:10 |     188 |    3664 |  95.1 |       3 |      24 |  88.9
       D:11 |    2349 |    1639 |  41.1 |      11 |       2 |  15.4
     Bailey |       0 |    3509 | 100.0 |       0 |      69 | 100.0
            +---------+---------+-------+---------+---------+-------

Illustrated notes

Table legend:
 A = Kills in this place as a percentage of kills in entire the game.
 B = Kills by you in this place as a percentage of kills by you in the entire game.
 C = Kills by friends in this place as a percentage of kills by friends in the entire game.
 D = Other kills in this place as a percentage of other kills in the entire game.
 E = Experience gained in this place as a percentage of experience gained in the entire game.
 F = Experience gained in this place divided by the number of levels of this place that you have seen.
                   A       B       C       D       E      F
               +-------+-------+-------+-------+-------+----------------------
         Total | 100.0 | 100.0 |   N/A | 100.0 | 100.0 | 1467.2
       Dungeon |  78.7 |  78.7 |   N/A |  80.0 |  81.6 | 1415.0
        Bailey |  21.3 |  21.3 |   N/A |  20.0 |  18.4 | 3509.0
               +-------+-------+-------+-------+-------+----------------------

Table legend: (Time is in decaauts)
 A = Elapsed time spent in this place.
 B = Non-inter-level travel time spent in this place.
 C = Inter-level travel time spent in this place.
 D = Time resting spent in this place.
 E = Time spent auto-exploring this place.
 F = Levels seen in this place.
 G = Mean time per level.
                   A        B        C        D        E       F      G
               +--------+--------+--------+--------+--------+-----+--------+
         Total |  16800 |  16199 |    601 |     17 |  14138 |  13 | 1292.3 |
       Dungeon |  14981 |  14400 |    581 |     17 |  12795 |  11 | 1361.9 |
        Temple |    213 |    194 |     19 |      0 |    188 |   1 |  213.0 |
        Bailey |   1605 |   1605 |      0 |      0 |   1155 |   1 | 1605.0 |
               +--------+--------+--------+--------+--------+-----+--------+

Top non-repeatable levels by time:
    D:10: 2022 daAuts
     D:5: 1854 daAuts
     D:7: 1849 daAuts
     D:3: 1612 daAuts
  Bailey: 1605 daAuts
     D:9: 1562 daAuts
     D:4: 1467 daAuts
     D:8: 1355 daAuts
     D:2: 1091 daAuts
     D:6: 1020 daAuts
     D:1: 893 daAuts
    D:11: 253 daAuts
  Temple: 213 daAuts
